 Dungeon Crawl Stone Soup version 0.30.1-1-g62c8e00024 (webtiles) character file.

Game seed: 7302052055193486840

111785 Peloso the Fencer (level 16, 0/157 HPs)
             Began as a Minotaur Fighter on July 15, 2023.
             Was the Champion of Okawaru.
             Killed from afar by a will-o-the-wisp (13 damage)
             ... with a foxfire
             ... on level 2 of the Swamp.
             The game lasted 01:21:00 (23891 turns).

Peloso the Fencer (Minotaur Fighter)               Turns: 23891, Time: 01:21:09

Health: 0/157      AC: 31    Str: 26    XL:     16   Next: 10%
Magic:  16/16      EV:  9    Int: 11    God:    Okawaru [******]
Gold:   2242       SH: 21    Dex: 18    Spells: 15/15 levels left

rFire   . . .        a - +4 double sword (flame)
rCold   . . .        d - +0 tower shield
rNeg    . . .        S - +0 crystal plate armour
rPois   +            K - +0 hat {SInv}
rElec   .            D - +1 cloak
rCorr   .            J - +1 pair of gloves of Ashret {Dex+2 Slay+4}
SInv    +            L - +1 pair of boots {Fly}
Will    ++...        i - amulet of regeneration Stlth
                     E - ring of poison resistance
HPRegen 1.26/turn    R - ring "Alad" {+Blink Will+ Int+6 Dex+3}
MPRegen 0.15/turn

%: no passive effects
@: flying, studying Ice Magic
A: horns 2, retaliatory headbutt
a: Renounce Religion, Evoke Blink, Heroism, Finesse, Duel


You were on level 2 of the Swamp.
You worshipped Okawaru.
Okawaru was exalted by your worship.
You visited 5 branches of the dungeon, and saw 25 of its levels.
You also visited: Gauntlet.

You collected 2495 gold pieces.
You spent 253 gold pieces at shops.

Inventory:

Hand Weapons
 a - a +4 double sword of flaming (weapon)
 b - a +4 scimitar of holy wrath
Armour
 d - a +0 tower shield (worn)
 g - a +1 plate armour of fire resistance
 D - a +1 cloak (worn)
 J - the +1 pair of gloves of Ashret (worn) {Dex+2 Slay+4}
   (Okawaru gifted it to you on level 2 of the Lair of Beasts)

   Dex:       It affects your dexterity (+2).
   Slay:      It affects your accuracy & damage with ranged weapons and melee
   (+4).
 K - a +0 hat of see invisible (worn)
 L - a +1 pair of boots of flying (worn)
 S - a +0 crystal plate armour (worn)
 V - +0 ice dragon scales
Jewellery
 i - an amulet of regeneration (around neck)
 E - a ring of poison resistance (left hand)
 I - a ring of resist corrosion
 R - the ring "Alad" (right hand) {+Blink Will+ Int+6 Dex+3}
   (You found it in a Gauntlet)

   [ring of intelligence]

   Int:       It affects your intelligence (+6).
   Dex:       It affects your dexterity (+3).
   +Blink:    It lets you blink.
   Will:      It increases your willpower.
Wands
 C - a wand of digging (3)
Scrolls
 h - a scroll of immolation
 j - 5 scrolls of magic mapping
 l - 10 scrolls of teleportation
 p - 2 scrolls of blinking
 t - 4 scrolls of poison
 w - 3 scrolls of fear
 H - 3 scrolls of brand weapon
Potions
 c - 2 potions of heal wounds
 e - 6 potions of curing
 f - a potion of cancellation
 k - 2 potions of might
 o - a potion of berserk rage
 s - 2 potions of invisibility
 u - a potion of resistance
 v - 2 potions of haste


   Skills:
 + Level 17.7 Fighting
 + Level 18.0 Long Blades
 + Level 14.7 Armour
 + Level 9.6 Dodging
 + Level 2.5 Stealth
 + Level 16.9 Shields
 + Level 2.2 Invocations
 + Level 1.0 Evocations


You had 15 spell levels left.
You didn't know any spells.
Your spell library contained the following spells:

 Spells                   Type           Power      Damage    Failure   Level
 Magic Dart               Conj           0%         1d3       100%        1
 Sandblast                Erth           0%         2d4       100%        1
 Slow                     Hex            0%         N/A       100%        1
 Cigotuvi's Dreadful Rot  Necr/Pois/Air  0%         N/A       100%        2
 Passwall                 Tmut/Erth      0%         N/A       100%        2
 Searing Ray              Conj           0%         2d4       100%        2
 Sublimation of Blood     Necr           0%         N/A       100%        2
 Confusing Touch          Hex            0%         N/A       100%        3
 Dazzling Flash           Conj/Hex       0%         N/A       100%        3
 Gell's Gravitas          Tloc           0%         N/A       100%        3
 Ignite Poison            Fire/Tmut/Pois 0%         N/A       100%        3
 Inner Flame              Hex/Fire       0%         N/A       100%        3
 Stone Arrow              Conj/Erth      0%         3d7       100%        3
 Teleport Other           Tloc           0%         N/A       100%        3
 Vampiric Draining        Necr           0%         2d6       100%        3
 Anguish                  Hex/Necr       0%         N/A       100%        4
 Cause Fear               Hex            0%         N/A       100%        4
 Dispel Undead            Necr           0%         3d6       100%        4
 Flame Wave               Conj/Fire      0%         2d4       100%        4
 Fulminant Prism          Conj/Hex       0%         3d5       100%        4
 Petrify                  Tmut/Erth      0%         N/A       100%        4
 Sticky Flame             Conj/Fire      0%         2d3       100%        4
 Agony                    Necr           0%         N/A       100%        5
 Freezing Cloud           Conj/Ice/Air   0%         6-21      100%        5
 Irradiate                Conj/Tmut      0%         3d11      100%        5
 Metabolic Englaciation   Hex/Ice        0%         N/A       100%        5
 Silence                  Hex/Air        0%         N/A       100%        5
 Dispersal                Tloc           0%         N/A       100%        6
 Statue Form              Tmut/Erth      0%         N/A       100%        6
 Enfeeble                 Hex            0%         N/A       100%        7
 Storm Form               Tmut/Air       0%         N/A       100%        7
 Maxwell's Capacitive Co  Air            0%         ∞         100%        8
 Summon Lightning Spire   Summ/Air       Unusable   N/A       N/A         4
 Death Channel            Necr           Unusable   N/A       N/A         6

Dungeon Overview and Level Annotations

Branches:
Dungeon (15/15)            Temple (1/1) D:4            Lair (5/5) D:8
  Swamp (2/4) Lair:3       Spider (0/4) Lair:3        Slime (0/5) Lair:5
    Orc (2/2) D:10            Elf (0/3) Orc:2        Vaults (0/5) D:13
 Depths (0/4) D:15        Gauntlet (visited)

Altars:
Ashenzari
Cheibriados
Dithmenos
Elyvilon
Gozag
Hepliaklqana
Makhleb
Nemelex Xobeh
Okawaru
Qazlal
Ru
Sif Muna
Trog
Uskayaw
Vehumet
Wu Jian
Xom
Zin
The Shining One
Jiyva

Shops:
D:6 *[?   Orc:1 *   Orc:2 **(?

Portals:
Trove: D:12 (give 14 scrolls of teleportation)

Annotations:
D:3 1 runed translucent door, jaiteiro's ghost, amateur SpHs
D:6 2 transporters
D:11 3 runed translucent doors, SnailSD's ghost, journeyman MiBe
D:14 exclusion: statue
Lair:1 Casa


Innate Abilities, Weirdness & Mutations

You have a pair of horns on your head.
You reflexively headbutt those who attack you in melee.


Message History

Unknown command.
You barely miss the will-o-the-wisp. You block the will-o-the-wisp's attack.
You slash the will-o-the-wisp! You burn the will-o-the-wisp.
Your headbutt misses the will-o-the-wisp.
The will-o-the-wisp is moderately damaged.
You block the will-o-the-wisp's attack.
You closely miss the will-o-the-wisp.
The will-o-the-wisp is moderately damaged.
The will-o-the-wisp gestures.
The will-o-the-wisp conjures some foxfire! 2 foxfires come into view.
You slash the will-o-the-wisp!
The will-o-the-wisp is heavily damaged.
The foxfire hits you!! x2
You closely miss the will-o-the-wisp. You headbutt the will-o-the-wisp!
The will-o-the-wisp is almost destroyed.
You are engulfed in a cloud of scalding steam.
The will-o-the-wisp blinks!
The will-o-the-wisp blinks!
Unknown command.
The will-o-the-wisp gestures.
The will-o-the-wisp conjures some foxfire! 2 foxfires come into view.
The foxfire hits you. x2
The will-o-the-wisp gestures.
The will-o-the-wisp conjures some foxfire! 2 foxfires come into view.
The foxfire hits you!!
* * * LOW HITPOINT WARNING * * *
The will-o-the-wisp gestures.
The will-o-the-wisp conjures some foxfire! 2 foxfires come into view.
Unknown command.
Blink to where?
Press: ? - help, Dir - move target
As you read the scroll of blinking, it crumbles to dust.
The foxfire hits you!!
* * * LOW HITPOINT WARNING * * *
The foxfire hits you!
You die...

♣~~~§♣[♣♣ ..♣
♣♣.~~~~~.♣♣♣.~♣♣
♣~.~~§♣.~.♣.~~~♣
♣♣~~~♣~~.§~~.~~.♣
♣~~....§v§§~.~~.♣
♣.~~~~~§§§.~....♣♣
♣♣...~~~§§§~†^~~..♣
♣♣.~~..~§§~§v.))~..♣
♣~~~♣~~.§§§v@.♣~~§....
♣.~♣♣§~~~.~~.~~.♣♣.~~~~~.
♣~..~~..~~♣.~~~♣ .~~~~.~
♣.♣~~.♣♣~~..§♣.♣ ...~~♣.
♣.~~~. ♣♣♣♣♣♣.~~.♣♣♣♣.~.
♣♣~♣~. ~...♣ ~§. ♣~~~.
...~.~ ~. ♣>~~~ .~~~~
.~~~~


You could see a will-o-the-wisp.

Vanquished Creatures
  A war gargoyle (D:14)
  A dire elephant (Lair:5)
  2 bunyips (Swamp:1)
  A minotaur (Gauntlet)
  Snorg (Lair:4)
  A green death (Gauntlet)
  A ghost crab (Swamp:1)
  2 ice dragons (D:15)
  3 catoblepae
  A spriggan air mage (Swamp:1)
  3 centaur warriors (D:14)
  4 hydras
  4 ogre magi
  19 two-headed ogres
  12 death yaks (Lair:5)
  6 alligators (Swamp:1)
  2 boulder beetles (D:15)
  A death scarab (Gauntlet)
  Urug (D:12)
  A tengu warrior (D:15)
  A soul eater (Gauntlet)
  A skyshark (Lair:5)
  A fire crab (shapeshifter) (D:14)
  A goliath frog (Swamp:2)
  3 bog bodies
  A wizard (D:14)
  A lindwurm (Lair:5)
  2 orc knights (Orc:2)
  A cyclops (D:15)
  2 deep elf pyromancers (D:13)
  An orc sorcerer (Orc:1)
  5 manticores
  A salamander (shapeshifter) (D:13)
  A moth of wrath (shapeshifter) (D:14)
  14 elephants
  17 ugly things
  8 black mambas
  A gargoyle (D:14)
  15 cane toads
  A torpor snail (Lair:5)
  2 orange demons (Gauntlet)
  3 kobold demonologists
  An unseen horror (D:12)
  7 rime drakes
  4 komodo dragons (Lair:2)
  A yaktaur (D:15)
  4 efreet
  A troll (shapeshifter) (D:13)
  6 trolls
  3 polar bears
  A bloated husk (Swamp:1)
  9 hornets
  A tyrant leech (Swamp:1)
  Prince Ribbit (D:5)
  9 dream sheep (Lair:5)
  23 blink frogs
  11 slime creatures
  A spectral black mamba (Gauntlet)
  15 spriggans
  4 shadows
  44 yaks
  A vampire (D:14)
  4 wyverns
  3 wraiths
  A steam dragon (D:8)
  4 basilisks
  4 wargs
  5 swamp worms
  2 acid dragons
  20 water moccasins
  9 orc warriors
  A black bear (Lair:2)
  4 ice beasts
  A sky beast (D:6)
  16 wolves
  22 ogres
  3 boggarts (D:15)
  8 centaurs
  A phantom (D:5)
  20 kobold brigands
  A gnoll sergeant (D:5)
  9 bullfrogs
  3 scorpions
  15 wights
  19 killer bees
  8 howler monkeys
  A vampire bat (Orc:1)
  2 electric eels (Lair:4)
  6 orc priests
  2 jellies
  4 hounds
  4 iguanas
  4 sleepcaps
  11 orc wizards
  8 gnolls
  7 adders
  4 shadow imps
  A white imp (D:5)
  An ufetubus (D:5)
  3 dart slugs
  38 orcs
  13 bats
  3 endoplasms
  2 giant cockroaches
  8 goblins
  12 hobgoblins
  3 jackals
  4 quokkas
  2 ball pythons (D:1)
  3 frilled lizards
  35 kobolds
661 creatures vanquished.

Vanquished Creatures (others)
  A wizard (D:13)
  An ugly thing (D:15)
  An orc (D:8)
  12 foxfires (Swamp:2)
15 creatures vanquished.

Grand Total: 676 creatures vanquished

Notes
Turn   | Place    | Note
-------+----------+-------------------------------------------
     0 | D:1      | Peloso the Minotaur Fighter began the quest for the Orb.
     0 | D:1      | Reached XP level 1. HP: 19/19 MP: 0/0
    89 | D:1      | Reached XP level 2. HP: 8/27 MP: 1/1
   456 | D:1      | Reached XP level 3. HP: 33/33 MP: 2/2
   709 | D:2      | Identified the +0 ring mail of Quaboum {rC+ Regen+}
  1152 | D:3      | Reached skill level 3 in Long Blades
  1330 | D:3      | Reached XP level 4. HP: 40/40 MP: 3/3
  1424 | D:3      | Found a runed translucent door.
  1430 | D:3      | Noticed jaiteiro's ghost (amateur SpHs)
  1793 | D:4      | Noticed a scorpion
  1798 | D:4      | Killed a scorpion
  1799 | D:4      | Reached skill level 4 in Long Blades
  1799 | D:4      | Reached XP level 5. HP: 47/47 MP: 4/4
  1818 | D:4      | Reached skill level 1 in Dodging
  2283 | D:4      | Found a staircase to the Ecumenical Temple.
  2292 | Temple   | Entered the Ecumenical Temple
  2402 | Temple   | Became a worshipper of Warmaster Okawaru
  2623 | D:5      | Entered Level 5 of the Dungeon
  2643 | D:5      | Noticed a phantom
  2682 | D:5      | Killed a phantom
  2683 | D:5      | Reached skill level 5 in Fighting
  2683 | D:5      | Reached skill level 5 in Long Blades
  2683 | D:5      | Reached skill level 5 in Armour
  2683 | D:5      | Reached XP level 6. HP: 51/56 MP: 5/5
  2979 | D:5      | Reached * piety under Okawaru
  3020 | D:5      | Reached XP level 7. HP: 51/61 MP: 6/6
  3068 | D:5      | Noticed a shadow
  3074 | D:5      | Reached skill level 5 in Shields
  3101 | D:5      | Killed a shadow
  3102 | D:5      | Reached skill level 6 in Long Blades
  3166 | D:5      | Noticed Prince Ribbit
  3169 | D:5      | Found a glowing silver altar of Zin.
  3189 | D:5      | Killed Prince Ribbit
  3190 | D:5      | Reached XP level 8. HP: 31/70 MP: 7/7
  3298 | D:5      | Found Xily's Weapon Shop.
  3509 | D:5      | Reached skill level 7 in Long Blades
  3576 | D:6      | Found Baisush's Magic Scroll Shop.
  3583 | D:6      | Reached ** piety under Okawaru
  3623 | D:6      | Bought a scroll of magic mapping for 75 gold pieces
  3629 | D:6      | Found an ornate altar of the Wu Jian Council.
  3649 | D:5      | HP: 2/67 [wight/+4 great sword (7)]
  3763 | D:6      | Found a transporter.
  3801 | D:6      | Reached skill level 8 in Long Blades
  3846 | D:6      | Found an opulent altar of Gozag.
  3884 | D:6      | Found Liurosuh's Assorted Antiques.
  3891 | D:6      | Bought a fizzy orange potion for 16 gold pieces
  3891 | D:6      | Bought a scroll labelled VUULOCLUEL for 18 gold pieces
  3891 | D:6      | Bought a scroll labelled VUULOCLUEL for 18 gold pieces
  3891 | D:6      | Bought a scroll labelled JEVEEWKYSHRE for 18 gold pieces
  3975 | D:6      | Found a snail-covered altar of Cheibriados.
  4072 | D:6      | Found Bale's Armour Boutique.
  4456 | D:6      | Found a transporter.
  4492 | D:6      | Reached XP level 9. HP: 79/79 MP: 8/8
  4632 | D:6      | Reached skill level 9 in Long Blades
  4643 | D:7      | Reached *** piety under Okawaru
  4706 | D:7      | Found a broken altar of Ashenzari.
  4758 | D:7      | Found a burning altar of Makhleb.
  5816 | D:8      | Noticed a rime drake
  5816 | D:8      | Noticed a polar bear
  5845 | D:7      | Killed a polar bear
  5845 | D:7      | Reached **** piety under Okawaru
  5846 | D:7      | Reached skill level 10 in Long Blades
  5920 | D:8      | Killed a rime drake
  5921 | D:8      | Reached skill level 5 in Dodging
  5929 | D:8      | Found a staircase to the Lair.
  6149 | D:8      | Found a white marble altar of Elyvilon.
  6262 | D:8      | Reached XP level 10. HP: 86/89 MP: 9/9
  6353 | D:8      | Reached skill level 1 in Invocations
  6485 | D:8      | Reached skill level 11 in Long Blades
  7112 | D:8      | Reached ***** piety under Okawaru
  7157 | D:8      | Reached skill level 1 in Stealth
  7776 | D:10     | Entered Level 10 of the Dungeon
  7776 | D:10     | Noticed a two-headed ogre
  7777 | D:10     | Found a staircase to the Orcish Mines.
  7777 | D:10     | Noticed a two-headed ogre
  7858 | Lair:1   | Entered Level 1 of the Lair of Beasts
  7874 | Lair:1   | Noticed a cane toad
  7900 | D:8      | Killed a cane toad
  7901 | D:8      | Reached skill level 10 in Fighting
  7962 | Lair:1   | Reached skill level 12 in Long Blades
  8163 | Lair:1   | Reached XP level 11. HP: 55/99 MP: 10/10
  8245 | Lair:1   | Received a gift from Okawaru
  8245 | Lair:1   | Found the +4 skin of Zhor {*Englaciate rC+++ SInv}
  8769 | Lair:1   | Reached skill level 13 in Long Blades
  8843 | Lair:1   | Reached ****** piety under Okawaru
  9720 | D:9      | Killed a two-headed ogre
  9753 | D:10     | Killed a two-headed ogre
  9873 | D:10     | Noticed a two-headed ogre
  9891 | D:10     | Killed a two-headed ogre
 10048 | D:10     | Noticed a soul eater
 10067 | D:10     | Reached skill level 14 in Long Blades
 10077 | D:10     | Reached XP level 12. HP: 105/110 MP: 11/11
 10117 | D:10     | Reached skill level 10 in Shields
 10327 | D:10     | Received a gift from Okawaru
 10903 | D:11     | Found a runed translucent gate.
 10903 | D:11     | Found a runed translucent gate.
 10904 | D:11     | Found a runed translucent gate.
 10910 | D:11     | Noticed a minotaur
 10910 | D:11     | Noticed a two-headed ogre
 10910 | D:11     | Noticed SnailSD's ghost (journeyman MiBe)
 11003 | D:11     | Reached skill level 10 in Armour
 11005 | D:11     | Noticed a two-headed ogre
 11025 | D:11     | Killed a two-headed ogre
 11399 | Lair:2   | Found a glowing golden altar of the Shining One.
 11600 | Lair:2   | Noticed a catoblepas
 11637 | Lair:2   | Killed a catoblepas
 11859 | Lair:2   | Identified the +1 pair of gloves of Ashret {Dex+2 Slay+4}
                  | (Okawaru gifted it to you on level 2 of the Lair of Beasts)
 11859 | Lair:2   | Received a gift from Okawaru
 12952 | Lair:3   | Found a staircase to the Swamp.
 13126 | Lair:3   | Reached skill level 15 in Long Blades
 13317 | Lair:3   | Reached XP level 13. HP: 117/122 MP: 13/13
 13563 | Lair:3   | Found a hole to the Spider Nest.
 14241 | D:12     | Found a portal to a secret trove of treasure.
 14285 | D:12     | Received a gift from Okawaru
 14296 | D:12     | Noticed Urug
 14312 | D:12     | Killed Urug
 14647 | Orc:1    | Entered Level 1 of the Orcish Mines
 14711 | Orc:1    | Found Lydi's CLEARANCE SALE!.
 14797 | Orc:2    | Entered Level 2 of the Orcish Mines
 15283 | Orc:1    | Received a gift from Okawaru
 15665 | Orc:1    | Paralysed by an ogre mage for 5 turns
 15674 | Orc:1    | Received a gift from Okawaru
 15788 | Orc:2    | Found Madat's Antique Weapon Emporium.
 15788 | Orc:2    | Found Danlah's Magic Scroll Shop.
 15789 | Orc:2    | Found Vizxunwe's General Store.
 15789 | Orc:2    | Found Bygaakk's Assorted Antiques.
 15796 | Orc:2    | Reached XP level 14. HP: 133/133 MP: 14/14
 15808 | Orc:2    | Bought a scroll labelled NAQEHA MIATRA for 28 gold pieces
 15808 | Orc:2    | Bought a scroll labelled ALENIORGHIO for 28 gold pieces
 15809 | Orc:2    | Bought a scroll of identify for 26 gold pieces
 15809 | Orc:2    | Bought a scroll of identify for 26 gold pieces
 15909 | Orc:2    | Found a staircase to the Elven Halls.
 16492 | D:13     | Found a gate to the Vaults.
 16796 | D:13     | Reached skill level 16 in Long Blades
 17719 | Lair:4   | Noticed Snorg
 17729 | Lair:4   | Killed Snorg
 17886 | Lair:4   | Received a gift from Okawaru
 18283 | Lair:4   | Reached skill level 15 in Fighting
 18530 | Lair:5   | Entered Level 5 of the Lair of Beasts
 18891 | Lair:5   | Found a staircase to the Slime Pits.
 18892 | Lair:5   | Found a viscous altar of Jiyva.
 19031 | Lair:5   | Identified the +0 ring mail of Immorality {Regen+} (Okawaru
                  | gifted it to you on level 5 of the Lair of Beasts)
 19031 | Lair:5   | Received a gift from Okawaru
 19166 | Lair:5   | Reached skill level 15 in Shields
 19169 | Lair:5   | Reached XP level 15. HP: 107/143 MP: 15/15
 19213 | Lair:5   | Reached skill level 17 in Long Blades
 20456 | D:14     | Found a radiant altar of Vehumet.
 20904 | D:14     | You are sucked into a shaft and drop 1 floor!
 20904 | D:15     | Entered Level 15 of the Dungeon
 20993 | D:15     | Received a gift from Okawaru
 21051 | D:15     | Found a gate leading to a gauntlet.
 21059 | Gauntlet | Entered a Gauntlet
 21059 | Gauntlet | Found a transporter.
 21059 | Gauntlet | Found a transporter.
 21068 | Gauntlet | Found a transporter.
 21071 | Gauntlet | Found a transporter.
 21071 | Gauntlet | Found a transporter.
 21111 | Gauntlet | Found a transporter.
 21114 | Gauntlet | Found a transporter.
 21114 | Gauntlet | Found a transporter.
 21118 | Gauntlet | Found a runed translucent door.
 21126 | Gauntlet | Found a runed translucent door.
 21129 | Gauntlet | Found a transporter.
 21145 | Gauntlet | Found a transporter.
 21169 | Gauntlet | Found a transporter.
 21173 | Gauntlet | Found a transporter.
 21225 | Gauntlet | Found a transporter.
 21240 | Gauntlet | Found a transporter.
 21319 | Gauntlet | Identified the +1 cloak of Lisuybiub {Drain rN+ SInv
                  | Stlth+}
 21414 | Gauntlet | Identified the ring "Alad" {+Blink Will+ Int+6 Dex+3}
 21454 | Gauntlet | Identified the +2 whip of Kilen {flame, rPois rF+ rN+}
 21454 | Gauntlet | Identified the +1 robe of Puozot {rElec MP+9}
 22047 | D:15     | Found a staircase to the Depths.
 23108 | Swamp:1  | Entered Level 1 of the Swamp
 23320 | Swamp:1  | Identified the +3 dagger "Tumeuf" {drain, rN++ Str+4}
 23334 | Swamp:1  | Reached skill level 1 in Evocations
 23527 | Swamp:1  | Reached XP level 16. HP: 155/155 MP: 16/16
 23596 | Swamp:1  | Reached skill level 18 in Long Blades
 23891 | Swamp:2  | Killed from afar by a will-o-the-wisp

Illustrated notes

Levels and vault maps discovered:
D:1:      nzn_arrival_crosshair, layout_basic
D:2:      layout_rooms, interstate_on_off
D:3:      layout_basic, ebering_ghost_reflecting_pool
D:4:      layout_basic, minmay_temple_entry_grid, st_stairs_2, minivault_23
D:5:      layout_rooms, mainiacjoe_overflow_alcove_2, serial_shops,
          kennysheep_mini_moat, kennysheep_opposing_triangles,
          uniq_prince_ribbit1
D:6:      gammafunk_cloud_chamber, layout_loops_ring,
          nicolae_overflow_crystal_walls, jmf_multi_god_temple, serial_shops,
          nicolae_shop_window_shopping, nicolae_shop_getting_attention, shop
D:7:      kennysheep_kobold_camp, layout_basic, nicolae_ashenzari_skybound,
          mainiacjoe_overflow_24_doors, kennysheep_generic_room_9
D:8:      layout_basic, old_standard_altar, hellmonk_lair_entry_icy,
          minmay_misc_feat_square
D:9:      layout_rooms
D:10:     layout_loops_ring, orc_0_dummy, special_room [special_room_kobold]
D:11:     layout_cave_pods, maelrawn_ghost_gauntlet_escape
D:12:     layout_rooms, enter_trove_1, uniq_urug
D:13:     layout_layer_cave, david_vaults_1
D:14:     kennysheep_scales, layout_basic, chequers_serial_rivers_small_a,
          vehumet_statue
D:15:     grunt_enter_depths_hoard, layout_irregular_city,
          gauntlet_entry_generic, nicolae_eternal_life, nrook_campfire,
          minmay_tree_intersection, lemuel_nasty_fountain
Temple:   bh_familiar_temple
Lair:1:   kb_forest_paths, layout_gridlike
Lair:2:   layout_layer_cave, basic_altar, chequers_serial_rivers_micro_d,
          wad_woods_river_01
Lair:3:   layout_loops_ring, skrybe_swamp_entry_bodies,
          spider_nest_entry_web_field, beast_lair_carwin_9
Lair:4:   wander_river, layout_regular_city, infiniplex_staircase_pool_2,
          serial_bayou_shore_a, uniq_snorg
Lair:5:   hangedman_lair_in_review, layout_long_grid, slime_entry_1
Swamp:1:  layout_basic_swamp, nicolae_swamp_ascending_descending_big,
          infiniplex_staircase_pool
Swamp:2:  layout_falls_marsh, ebering_ghost_funeral_grove,
          evilmike_swamp_ruin_house_2, swamp_pool1
Orc:1:    layout_diamond_mine, roderic_batcave, nicolae_shop_clearance
Orc:2:    st_orc_ogre_mass, layout_caves

Skill      XL: |  1  2  3  4  5  6  7  8  9 10 11 12 13 14 15 16 |
---------------+-------------------------------------------------+-----
Fighting       | 4 5 6 7 8 10 11 13 14 15 17 | 17.7
Armour         | 4 5 6 7 8 9 10 11 13 14 | 14.7
Shields        | 4 5 6 7 8 9 11 13 15 16 | 16.9
Long Blades    | 3 4 5 6 8 10 12 14 15 16 17 18 | 18.0
Dodging        | 1 2 3 5 6 7 8 9 |  9.6
Invocations    | 1 2 |  2.2
Stealth        | 1 2 |  2.5
Evocations     | 1 |  1.0

Action                     |  1- 3 |  4- 6 |  7- 9 | 10-12 | 13-15 | 16-18 || total
---------------------------+-------+-------+-------+-------+-------+-------++-------
  Melee: Long sword        |    80 |   162 |   429 |    62 |       |       ||   733
         Headbutt          |     8 |    26 |    71 |   249 |   344 |     9 ||   707
         Falchion          |       |       |       |   941 |   276 |       ||  1217
         Scimitar          |       |       |       |       |    84 |       ||    84
         Double sword      |       |       |       |       |   781 |    36 ||   817
 Invoke: Heroism           |       |       |     3 |     8 |    15 |       ||    26
  Evoke: Wand              |       |       |       |     6 |     6 |       ||    12
    Use: Scroll            |     4 |       |     3 |     5 |    18 |     2 ||    32
         Potion            |     1 |       |     4 |     3 |     1 |       ||     9
 Armour: Scale mail        |    26 |       |       |       |       |       ||    26
         Ring mail         |     8 |    44 |    93 |   163 |    43 |       ||   351
         Plate armour      |       |       |       |       |   358 |       ||   358
         Crystal plate arm |       |       |       |       |    82 |    16 ||    98
  Dodge: Dodged            |    35 |    86 |   210 |   360 |   396 |     9 ||  1096
  Block: Buckler           |    23 |    49 |   102 |    40 |       |       ||   214
         Kite shield       |       |       |       |   335 |   560 |       ||   895
         Tower shield      |       |       |       |       |   283 |    32 ||   315
